 Dungeon Crawl Stone Soup version 0.21.1-68-g103a7af (webtiles) character file.

97375 troglodite the Blocker (level 15, 0/130 HPs)
             Began as a Demonspawn Berserker on Aug 1, 2018.
             Was a High Priest of Trog.
             Killed from afar by a starcursed mass (6 damage)
             ... with an accursed screaming
             ... on level 1 of the Shoals on Aug 2, 2018.
             The game lasted 01:32:58 (28204 turns).

troglodite the Blocker (Demonspawn Berserker)      Turns: 28204, Time: 01:32:59

Health: 0/130      AC: 36    Str: 17    XL:     15   Next: 71%
Magic:  15/15      EV: 11    Int: 12    God:    Trog [*****.]
Gold:   1445       SH: 24    Dex: 21    Spells: 14/14 levels left

rFire    + + .     SeeInvis .   F - +9 falchion (freeze)
rCold    + + +     Gourm    .   M - +2 shield of Jyhyic {Regen+}
rNeg     . . .     Faith    .   m - +9 plate armour of Sies {Int+4 Stlth+}
rPois    +         Spirit   .   q - +2 helmet
rElec    +         Reflect  +   s - +0 cloak
rCorr    .         Harm     .   (gloves unavailable)
MR       +....                  P - +2 pair of boots
Stlth    ..........             T - brooch of Shielding {Reflect SH+8}
HPRegen  0.71/turn              A - ring "Wuetzam" {rElec rF++ rC+++ Str-3 Stlth-}
MPRegen  0.14/turn              n - +4 ring of dexterity

@: flying, very slightly contaminated
A: claws 3, slimy green scales 3, demonic guardian 2, powered by pain 1, robust
1
a: Berserk, Trog's Hand, Brothers in Arms, Burn Spellbooks, Renounce Religion


You were on level 1 of the Shoals.
You worshipped Trog.
Trog was extremely pleased with you.
You were not hungry.

You visited 4 branches of the dungeon, and saw 24 of its levels.
You visited the Abyss 1 time.
You also visited: Ossuary and Ice Cave.

You collected 2347 gold pieces.
You spent 902 gold pieces at shops.

Inventory:

Hand Weapons
 F - a +9 falchion of freezing (weapon)
 G - a +1 demon blade of venom
 J - the +7 hand crossbow "Worm" {speed, Dex+7}
   (You found it on level 8 of the Dungeon)

   Attacks with this weapon are significantly faster.
   It affects your dexterity (+7).
 K - a +3 scimitar of flaming
Missiles
 H - 85 bolts
Armour
 m - the +9 plate armour of Sies (worn) {Int+4 Stlth+}
   (You bought it in a shop on level 2 of the Orcish Mines)

   It affects your intelligence (+4).
   It makes you more stealthy.
 q - a +2 helmet (worn)
 s - a +0 cloak (worn)
 u - a +1 hat
 M - the +2 shield of Jyhyic (worn) {Regen+}
   (You bought it in a shop on level 2 of the Orcish Mines)

   It increases your rate of regeneration.
 P - a +2 pair of boots (worn)
Jewellery
 i - an uncursed ring of flight
 n - a +4 ring of dexterity (right claw)
 x - a +1 ring of evasion
 A - the ring "Wuetzam" (left claw) {rElec rF++ rC+++ Str-3 Stlth-}
   (You found it on level 8 of the Dungeon)

   [ring of loudness]

   It affects your strength (-3).
   It greatly protects you from fire.
   It renders you almost immune to cold.
   It insulates you from electricity.
   It makes you less stealthy.
 C - a +2 ring of strength
 I - an uncursed ring of protection from fire {unknown}
 T - the brooch of Shielding (around neck) {Reflect SH+8}
   (You found it on level 12 of the Dungeon)

   [amulet of reflection]

   It shields you and reflects attacks.
   It affects your SH (+8).
 Y - an uncursed ring of see invisible
Wands
 d - a wand of iceblast (12)
 h - a wand of enslavement (16)
 k - a wand of digging (41)
Scrolls
 f - 5 scrolls of teleportation
 l - a scroll of silence
 o - 6 scrolls of identify
 v - 6 scrolls of fear
 y - a scroll of magic mapping
 E - 11 scrolls of remove curse
 W - a scroll of fog
Potions
 a - a potion of mutation
 e - 2 potions of haste
 g - 7 potions of curing
 j - 5 potions of agility
 r - 7 potions of might
 t - 3 potions of brilliance
 z - a potion of ambrosia
 B - 2 potions of flight
 D - a potion of cancellation
 Q - 3 potions of invisibility
 V - a potion of magic
Books
 b - a book of Transfigurations

   Spells                             Type                      Level
   a - Irradiate                      Conjuration/Transmutation    5
   b - Statue Form                    Transmutation/Earth          6
   c - Hydra Form                     Transmutation                6
   d - Dragon Form                    Transmutation                7
   Trog disapproves of the use of such an item.
Comestibles
 c - 24 rations


   Skills:
 * Level 11.3 Fighting
 + Level 10.8 Long Blades
 * Level 7.9 Crossbows
 * Level 10.8 Armour
 * Level 10.1 Dodging
 - Level 2.0 Stealth
 * Level 14.6 Shields


You had 14 spell levels left.
You didn't know any spells.

Dungeon Overview and Level Annotations

Branches:
Dungeon (15/15)            Temple (0/1) D:4            Lair (6/6) D:8
 Shoals (1/4) Lair:2       Spider (0/4) Lair:3        Slime (0/5) Lair:5
    Orc (2/2) D:11            Elf (0/3) Orc:2        Vaults (0/5) D:13
 Depths (0/5) D:15

Altars:
Cheibriados
Fedhas
Uskayaw
Vehumet
The Shining One

Shops:
D:9 (   D:11 (   D:12 }   Orc:2 *:[*

Portals:
Trove: D:15 (give +2 storm dragon scales)

Annotations:
D:3 2 transporters
Shoals:1 Louise


Innate Abilities, Weirdness & Mutations

You have claws for hands.
You are completely covered in slimy green scales. (AC +4, rPois)
A demonic guardian rushes to your aid.
You sometimes gain a little power by taking damage.
You are robust. (+10% HP)


Message History

The faun shouts!
Louise hits you with a morningstar of distortion.
* * * LOW HITPOINT WARNING * * *
You blink.
The starcursed mass shrieks in your mind.
* * * LOW HITPOINT WARNING * * *
The faun points at you and mumbles some strange words.
You resist with some effort.
The faun shoots a sling bullet.
You reflect the sling bullet off an invisible shield around you!
The sling bullet barely misses the faun.
You block the sea snake's attack.
The faun unwields an uncursed spear.
The faun wields a hunting sling.
The faun shoots a stone.
The stone hits you.
* * * LOW HITPOINT WARNING * * *
You hear a splash.
You see here a stone.
The faun shoots a sling bullet.
You reflect the sling bullet off an invisible shield around you!
The sling bullet hits the faun!
The sea snake barely misses you.
The starcursed mass shrieks in your mind.
You die...

≈≈≈≈≈≈≈≈≈≈≈≈≈≈≈≈≈≈≈
≈≈≈≈≈≈≈≈≈≈≈≈≈≈≈≈≈≈≈≈
≈≈≈≈≈≈≈≈≈≈≈≈≈≈≈≈≈≈≈≈
≈≈≈≈≈≈≈≈≈≈≈≈≈≈≈≈≈≈≈≈
≈≈≈≈≈≈≈≈≈≈≈≈≈≈≈≈≈≈≈≈
≈≈≈≈≈≈≈≈≈≈≈≈≈≈≈≈≈≈≈≈
≈≈≈≈≈≈≈≈≈≈≈≈≈≈≈≈≈≈≈≈
≈≈≈≈≈≈≈≈(≈≈≈X≈≈≈≈≈≈≈
≈≈≈≈≈#@S≈≈≈≈≈≈≈≈≈≈≈
≈≈≈≈##<#≈≈@≈..≈≈≈≈≈
≈≈>#≈≈≈≈≈≈≈.../)≈≈≈
≈≈≈≈....cc≈.....≈≈≈
≈≈.##..........≈≈≈≈≈
≈....##.......≈≈≈≈≈≈
.... #c....(..≈≈≈≈≈
... ..$........≈≈≈≈
.).c.).....$..≈.≈


You could see a starcursed mass, Louise, a sea snake and 2 fauns.

Vanquished Creatures
  A tentacled monstrosity (D:12)
  A tentacled starspawn (Abyss:3)
  A stone giant (Orc:2)
  A very ugly thing (D:12)
  The ghost of sbat the Grappler, a journeyman TrBe of Trog (D:13)
  A great orb of eyes (Abyss:3)
  A fire dragon (Lair:6)
  2 ogre magi
  2 vault guards (D:13)
  Erolcha (D:10)
  3 hydras
  A merfolk avatar (Abyss:3)
  7 two-headed ogres
  Erica (D:8)
  5 death yaks (Lair:5)
  A skeletal warrior (D:14)
  2 deep trolls (Orc:2)
  A lindwurm (Lair:6)
  11 ugly things
  4 orc knights
  2 large abominations (Abyss:3)
  An orb spider (Lair:3)
  2 orc sorcerers (Orc:1)
  4 cyclopes
  A deep elf mage (D:14)
  A guardian serpent (Abyss:3)
  2 naga magi (D:15)
  2 molten gargoyles (Lair:6)
  Psyche (D:9)
  7 black mambas
  6 spiny frogs
  6 gargoyles
  A rime drake (Lair:3)
  6 komodo dragons
  2 meliai (D:15)
  9 trolls
  A queen bee (shapeshifter) (D:15)
  3 hornets
  2 dream sheep (Lair:3)
  14 blink frogs
  7 hippogriffs
  2 raiju (Abyss:3)
  5 starcursed masses (Abyss:3)
  A shadow (D:15)
  A ynoxinul (Abyss:3)
  21 yaks
  7 wyverns
  3 basilisks (Lair:6)
  A wraith (Lair:5)
  A steam dragon (Lair:6)
  3 hungry ghosts
  3 vampire mosquitoes (D:14)
  5 wargs
  A soldier ant (D:14)
  9 porcupines
  3 hell hounds
  8 water moccasins
  3 small abominations (D:12)
  2 acid dragons
  24 orc warriors
  3 phantoms
  3 ice beasts
  3 sky beasts
  18 ogres
  A black bear (D:7)
  An eye of draining (D:14)
  6 centaurs
  6 wolves (Lair:6)
  10 crocodiles
  A big kobold (D:12)
  2 elf zombies (Ossuary)
  11 bullfrogs
  A wyvern zombie (D:14)
  A wyvern skeleton (D:8)
  4 scorpions
  7 killer bees
  3 wights (D:7)
  4 howler monkeys
  4 lava snakes (Lair:6)
  A bullfrog zombie (D:3)
  10 crimson imps
  2 centaur zombies
  4 hounds
  A human zombie (Ossuary)
  8 jellies
  Crazy Yiuf (D:3)
  A bullfrog skeleton (D:9)
  14 orc priests
  19 orc wizards
  5 centaur skeletons
  7 iguanas
  Ijyb (D:4)
  Natasha (thrice) (D:4)
  2 hell rats (Lair:5)
  10 worker ants
  A big kobold zombie (Ossuary)
  3 hound zombies
  A hound skeleton (D:3)
  4 mummies
  A worker ant zombie (D:3)
  13 adders
  15 gnolls
  2 shadow imps
  3 oozes
  2 adder zombies
  An adder skeleton (D:9)
  6 worms
  3 dart slugs
  3 leopard geckos
  81 orcs
  5 ball pythons
  9 bats
  4 giant cockroaches
  2 gnoll zombies (Ossuary)
  8 goblins
  8 hobgoblins
  16 jackals
  7 quokkas
  10 frilled lizards
  A giant cockroach zombie (D:5)
  6 goblin zombies (Ossuary)
  6 hobgoblin zombies
  4 jackal zombies
  10 kobolds
  5 kobold zombies
  A leopard gecko zombie (D:8)
  2 quokka skeletons
  4 quokka zombies (Ossuary)
  12 rats
  A rat zombie (Ossuary)
  A fungus (D:5)
670 creatures vanquished.

Vanquished Creatures (collateral kills)
  A tentacled monstrosity (Abyss:3)
  Rupert (D:12)
  Gastronok (D:11)
  An eldritch tentacle (Abyss:3)
  A very ugly thing (D:12)
  A wizard (Abyss:3)
  Josephine (Lair:5)
  Snorg (D:11)
  An ogre mage (Orc:2)
  6 vault guards (D:13)
  3 hydras
  12 two-headed ogres
  A thrashing horror (Abyss:3)
  A satyr (Abyss:3)
  A death yak (Lair:5)
  Nergalle (Lair:1)
  2 skeletal warriors (D:14)
  An orange crystal statue (Shoals:1)
  2 large abominations
  A swamp dragon (Abyss:3)
  2 orc knights (Orc:2)
  A manticore (D:12)
  8 ugly things
  2 orc sorcerers
  An oklob plant (Lair:1)
  2 cyclopes (Orc:2)
  A deep elf mage (D:9)
  A centaur zombie (D:13)
  A guardian serpent (Abyss:3)
  A molten gargoyle (Lair:6)
  A black mamba (Lair:6)
  Joseph (D:7)
  2 naga magi (D:15)
  A smoke demon (Abyss:3)
  2 ice statues (IceCv)
  An efreet (D:13)
  A demonic crawler (D:12)
  A komodo dragon (Lair:6)
  A meliai (D:15)
  5 trolls
  2 tyrant leeches (Abyss:3)
  2 hippogriffs
  5 blink frogs
  2 dream sheep (Lair:3)
  4 slime creatures (D:14)
  A vampire (D:11)
  A spriggan (D:7)
  A snapping turtle (Lair:2)
  2 wraiths (Lair:5)
  A wyvern (Lair:6)
  A steam dragon (Lair:6)
  9 yaks
  A vampire mosquito (D:14)
  3 basilisks
  A warg (Orc:1)
  A hell hound (D:8)
  A water moccasin (Lair:6)
  Duvessa (D:4)
  3 orc warriors
  A porcupine (Lair:5)
  7 ice beasts
  6 ogres (Orc:2)
  5 starcursed masses (Abyss:3)
  2 centaurs (D:11)
  2 bullfrogs
  A gnoll sergeant (D:5)
  2 small abominations (D:12)
  Dowan (D:4)
  A killer bee (D:13)
  A howler monkey (D:9)
  A crimson imp (D:8)
  3 hounds
  A lava snake (Lair:6)
  2 orc wizards
  An orc priest (D:13)
  2 worker ants
  2 hell rats (Lair:5)
  A big kobold zombie (Ossuary)
  A hound zombie (Ossuary)
  3 gnolls (D:5)
  2 adders
  An adder zombie (D:3)
  A leopard gecko (D:3)
  15 orcs
  A giant cockroach (D:5)
  A quokka (D:11)
  A jackal zombie (Ossuary)
  A bush (Lair:1)
  A fungus (Lair:3)
188 creatures vanquished.

Vanquished Creatures (others)
  A hell hound (Lair:6)
  A gnoll (D:5)
  An orc (Orc:1)
  3 fungi
  2 starspawn tentacles (Abyss:3)
8 creatures vanquished.

Grand Total: 866 creatures vanquished

Notes
Turn   | Place    | Note
-------+----------+-------------------------------------------
     0 | D:1      | troglodite the Demonspawn Berserker began the quest for the Orb.
     0 | D:1      | Reached XP level 1. HP: 18/18 MP: 1/1
   255 | D:1      | Gained mutation: You are partially covered in slimy green scales. (AC +2) [demonic ancestry]
   255 | D:1      | Reached XP level 2. HP: 18/24 MP: 2/2
   756 | D:2      | Reached ** piety under Trog
   818 | D:2      | Gained mutation: You have sharp fingernails. [demonic ancestry]
   818 | D:2      | Reached XP level 3. HP: 28/29 MP: 3/3
   912 | D:2      | Reached skill level 1 in Shields
  1634 | D:2      | Gained mutation: You have very sharp fingernails. [demonic ancestry]
  1634 | D:2      | Reached XP level 4. HP: 35/35 MP: 4/4
  2262 | D:3      | Found a transporter.
  2262 | D:3      | Noticed a kobold demonologist
  2277 | D:3      | Reached skill level 2 in Shields
  2441 | D:3      | Reached *** piety under Trog
  2453 | D:3      | Gained mutation: A weak demonic guardian rushes to your aid. [demonic ancestry]
  2453 | D:3      | Reached XP level 5. HP: 42/42 MP: 5/5
  2571 | D:2      | Reached skill level 5 in Armour
  2571 | D:2      | Reached skill level 5 in Dodging
  2571 | D:2      | Reached skill level 5 in Shields
  2571 | D:2      | Reached XP level 6. HP: 6/53 MP: 6/6
  2934 | D:3      | Found a faded altar of an unknown god.
  2962 | D:3      | Found a transporter.
  3123 | D:3      | Reached **** piety under Trog
  3304 | D:3      | Found a runed door.
  3308 | D:3      | Noticed Crazy Yiuf
  3313 | D:3      | Killed Crazy Yiuf
  3478 | D:4      | Found a sand-covered staircase.
  3493 | Ossuary  | Entered an ossuary
  3562 | Ossuary  | Reached skill level 5 in Long Blades
  3562 | Ossuary  | Gained mutation: A demonic guardian rushes to your aid. [demonic ancestry]
  3562 | Ossuary  | Reached XP level 7. HP: 59/59 MP: 7/7
  3680 | Ossuary  | Reached skill level 6 in Shields
  3949 | D:4      | Reached ***** piety under Trog
  4345 | D:4      | Found a staircase to the Ecumenical Temple.
  4411 | D:4      | Noticed Natasha
  4422 | D:4      | Killed Natasha
  4453 | D:4      | Noticed Natasha
  4468 | D:4      | Killed Natasha
  4537 | D:4      | Noticed Duvessa
  4539 | D:4      | Noticed Dowan
  4539 | D:4      | Noticed Ijyb
  4540 | D:4      | Killed Duvessa
  4540 | D:4      | Gained mutation: You have claws for hands. [demonic ancestry]
  4540 | D:4      | Reached XP level 8. HP: 67/67 MP: 8/8
  4548 | D:4      | Killed Dowan
  4552 | D:5      | Entered Level 5 of the Dungeon
  4676 | D:4      | Killed Ijyb
  4903 | D:4      | Noticed Natasha
  4913 | D:4      | Killed Natasha
  4913 | D:4      | Received a gift from Trog
  6658 | D:7      | Reached XP level 9. HP: 66/72 MP: 9/9
  6794 | D:7      | Noticed Joseph
  6804 | D:7      | Killed Joseph
  6947 | D:7      | Noticed a hand axe
  6950 | D:7      | Noticed a hand axe
  6980 | D:7      | Found a hide-covered altar of Uskayaw.
  7195 | D:7      | Reached skill level 7 in Shields
  7525 | D:7      | Received a gift from Trog
  7984 | D:8      | Noticed a two-headed ogre
  7994 | D:8      | Killed a two-headed ogre
  8051 | D:8      | Found a staircase to the Lair.
  8150 | D:8      | Got a pitted hand crossbow
  8157 | D:8      | Identified the +7 hand crossbow "Worm" {speed, Dex+7} (You found it on level 8 of the Dungeon)
  8490 | D:8      | Reached skill level 1 in Crossbows
  8532 | D:8      | Reached XP level 10. HP: 80/80 MP: 10/10
  8545 | D:8      | Noticed Erica
  8558 | D:8      | Killed Erica
  8624 | D:8      | Got a fine amber ring
  8626 | D:8      | Identified the ring "Wuetzam" {rElec rF++ rC+++ Str-3 Stlth-} (You found it on level 8 of the Dungeon)
  8882 | D:8      | Reached skill level 8 in Shields
  9487 | D:9      | Noticed a two-headed ogre
  9495 | D:9      | Killed a two-headed ogre
  9581 | D:9      | Noticed Psyche
  9588 | D:9      | Killed Psyche
  9814 | D:9      | Noticed a deep elf mage
  9819 | D:9      | Killed a deep elf mage
  9863 | D:9      | Found Utzoz's Weapon Shoppe.
 10375 | D:10     | Entered Level 10 of the Dungeon
 10490 | D:10     | Noticed Erolcha
 10496 | D:10     | Killed Erolcha
 10496 | D:10     | Gained mutation: You are mostly covered in slimy green scales. (AC +3) [demonic ancestry]
 10496 | D:10     | Reached XP level 11. HP: 86/86 MP: 11/11
 11440 | D:11     | Reached ****** piety under Trog
 11448 | D:11     | Reached skill level 9 in Shields
 11610 | D:11     | Noticed Gastronok
 11611 | D:11     | Noticed a two-headed ogre
 11620 | D:11     | Killed a two-headed ogre
 11818 | D:11     | Killed Gastronok
 12179 | D:11     | Noticed Snorg
 12188 | D:11     | Killed Snorg
 12236 | D:11     | Found a staircase to the Orcish Mines.
 12242 | D:11     | Received a gift from Trog
 12576 | D:11     | Found a blossoming altar of Fedhas.
 12720 | D:11     | Found Havyoq's Weapon Shoppe.
 13238 | D:12     | Noticed a two-headed ogre
 13244 | D:12     | Killed a two-headed ogre
 13454 | D:12     | Found Lianuics's Gadget Shop.
 13536 | D:12     | Noticed Rupert
 13538 | D:12     | Paralysed by Rupert for 6 turns
 13954 | D:12     | Found a runed door.
 13966 | D:12     | Killed Rupert
 14007 | D:12     | Noticed a tentacled monstrosity
 14008 | D:12     | Noticed a cyan ugly thing
 14011 | D:12     | Noticed a red ugly thing
 14014 | D:12     | Killed a tentacled monstrosity
 14018 | D:12     | Killed a cyan ugly thing
 14019 | D:12     | Noticed a purple very ugly thing
 14020 | D:12     | Killed a red ugly thing
 14026 | D:12     | Killed a purple very ugly thing
 14026 | D:12     | Reached XP level 12. HP: 82/94 MP: 12/12
 14083 | D:12     | Found the brooch of Shielding {Reflect SH+8}
 14247 | D:12     | Noticed a purple very ugly thing
 14262 | D:12     | Killed a purple very ugly thing
 14262 | D:12     | Reached skill level 10 in Shields
 14837 | D:13     | Found a gate to the Vaults.
 14837 | D:13     | Noticed a vault guard
 14837 | D:13     | Noticed a vault guard
 14837 | D:13     | Noticed a vault guard
 14838 | D:13     | Noticed a vault guard
 14838 | D:13     | Noticed a vault guard
 14838 | D:13     | Noticed a vault guard
 14838 | D:13     | Noticed a vault guard
 14844 | D:13     | Killed a vault guard
 14847 | D:13     | Noticed a vault guard
 14849 | D:13     | Killed a vault guard
 14853 | D:13     | Killed a vault guard
 14866 | D:13     | Killed a vault guard
 14878 | D:13     | Killed a vault guard
 14883 | D:13     | Killed a vault guard
 14934 | D:13     | Noticed sbat's ghost (journeyman TrBe)
 14956 | D:13     | Killed sbat's ghost
 14964 | D:13     | Killed a vault guard
 15025 | D:13     | Killed a vault guard
 15039 | D:13     | Reached skill level 5 in Crossbows
 15402 | D:13     | Found a snail-covered altar of Cheibriados.
 15676 | D:13     | Reached skill level 11 in Shields
 16106 | D:14     | Reached skill level 1 in Stealth
 16157 | D:14     | Gained mutation: You are robust. (+10% HP) [demonic ancestry]
 16157 | D:14     | Reached XP level 13. HP: 85/111 MP: 13/13
 16497 | D:14     | Received a gift from Trog
 17776 | D:15     | Entered Level 15 of the Dungeon
 17927 | D:15     | Reached skill level 12 in Shields
 18245 | D:15     | Found a staircase to the Depths.
 18252 | D:15     | Reached skill level 10 in Fighting
 18976 | D:15     | Found a portal to a secret trove of treasure.
 19407 | Orc:1    | Entered Level 1 of the Orcish Mines
 19773 | Orc:1    | Received a gift from Trog
 19875 | Orc:1    | Found a frozen archway.
 19880 | IceCv    | Entered an ice cave
 19882 | IceCv    | Gained mutation: You are completely covered in slimy green scales. (AC +4, rPois) [demonic ancestry]
 19882 | IceCv    | Reached XP level 14. HP: 121/121 MP: 14/14
 19898 | IceCv    | Found a transporter.
 19964 | IceCv    | Got a crystal lajatang
 19981 | IceCv    | Identified the cursed +2 lajatang of Neng {vamp, Str+3} (You found it in an ice cave)
 20099 | Orc:1    | Found a radiant altar of Vehumet.
 20508 | Orc:1    | Reached skill level 10 in Armour
 20636 | Orc:2    | Entered Level 2 of the Orcish Mines
 20664 | Orc:2    | Noticed a stone giant
 20680 | Orc:2    | Killed a stone giant
 21229 | Orc:2    | Received a gift from Trog
 21254 | Orc:2    | Found Wighie's General Store.
 21259 | Orc:2    | Reached skill level 13 in Shields
 21784 | Orc:2    | Found Erexkuokh's Antique Armour Shop.
 21801 | Orc:2    | Found Jiaxomp's Book Shoppe.
 21802 | Orc:2    | Found Moesamibu's General Store.
 21802 | Orc:2    | Found a staircase to the Elven Halls.
 21806 | Orc:2    | Bought an encrusted plate armour for 644 gold pieces
 21821 | Orc:2    | Identified the +9 plate armour of Sies {Int+4 Stlth+} (You bought it in a shop on level 2 of the Orcish Mines)
 21851 | Orc:2    | Bought the +2 shield of Jyhyic {Regen+} for 258 gold pieces
 22179 | Lair:1   | Entered Level 1 of the Lair of Beasts
 22622 | Lair:1   | Reached skill level 10 in Long Blades
 22647 | Lair:1   | Noticed Nergalle
 22655 | Lair:1   | Killed Nergalle
 23614 | Lair:2   | Received a gift from Trog
 23971 | Lair:2   | Found a staircase to the Shoals.
 24417 | Lair:3   | Found a hole to the Spider Nest.
 25089 | Lair:4   | Gained mutation: You sometimes gain a little power by taking damage. [demonic ancestry]
 25089 | Lair:4   | Reached XP level 15. HP: 128/128 MP: 15/15
 25618 | Lair:5   | Noticed Josephine
 25625 | Lair:5   | Killed Josephine
 26064 | Lair:5   | Found a staircase to the Slime Pits.
 26111 | Lair:5   | Reached skill level 14 in Shields
 26216 | Lair:5   | Received a gift from Trog
 26515 | Lair:6   | Entered Level 6 of the Lair of Beasts
 26516 | Lair:6   | Found a glowing golden altar of the Shining One.
 26751 | Lair:6   | Received a gift from Trog
 27153 | Lair:6   | Reached skill level 10 in Dodging
 27180 | Lair:6   | Found a large runed door.
 27181 | Lair:6   | Found a large runed door.
 27874 | Shoals:1 | Entered Level 1 of the Shoals
 27874 | Shoals:1 | Noticed Louise
 27892 | Shoals:1 | Cast into level 3 of the Abyss (Louise)
 27920 | Abyss:3  | Noticed a nagaraja
 28151 | Abyss:3  | Found a corrupted altar of Lugonu.
 28157 | Abyss:3  | Noticed a tentacled monstrosity
 28157 | Abyss:3  | Noticed a tentacled starspawn
 28167 | Abyss:3  | Killed a tentacled starspawn
 28180 | Abyss:3  | Paralysed by accursed screaming for 1 turns
 28192 | Abyss:3  | HP: 6/130 [starcursed mass/accursed screaming (7)]
 28200 | Abyss:3  | Killed a tentacled monstrosity
 28201 | Shoals:1 | Escaped the Abyss
 28203 | Shoals:1 | HP: 5/130 [faun/stone (2)]
 28204 | Shoals:1 | Killed from afar by a starcursed mass

Skill      XL: |  1  2  3  4  5  6  7  8  9 10 11 12 13 14 15 |
---------------+----------------------------------------------+-----
Dodging        | 2 5 6 7 8 9 10 | 10.1
Shields        | 1 2 5 6 7 8 9 11 12 13 14 | 14.6
Armour         | 2 5 6 7 8 9 10 | 10.8
Long Blades    | 3 4 5 6 7 8 9 10 | 10.8
Fighting       | 6 7 8 9 10 11 | 11.3
Crossbows      | 1 2 4 5 6 7 |  7.9
Stealth        | 1 2 |  2.0

Action                   |  1- 3 |  4- 6 |  7- 9 | 10-12 | 13-15 || total
-------------------------+-------+-------+-------+-------+-------++-------
Melee: Falchion          |   141 |   291 |   720 |   710 |  1258 ||  3120
       Scimitar          |       |       |       |       |   319 ||   319
 Fire: Hand crossbow     |       |       |       |       |    13 ||    13
Invok: Berserk           |     3 |     5 |     8 |    20 |    13 ||    49
       Burn Spellbooks   |       |       |     1 |     1 |     2 ||     4
       Trog's Hand       |       |       |       |     1 |       ||     1
       Brothers in Arms  |       |       |       |     2 |    14 ||    16
  Use: Scroll            |     2 |     1 |     6 |    11 |    23 ||    43
       Potion            |       |     4 |     2 |     1 |     9 ||    16
 Stab: Sleeping          |     1 |       |       |       |       ||     1
       Distracted        |       |     1 |     3 |     4 |    20 ||    28
  Eat: Chunk             |     4 |    12 |    24 |    27 |    37 ||   104
       Ration            |       |       |     1 |     6 |     8 ||    15
Armor: Animal skin       |    12 |       |       |       |       ||    12
       Ring mail         |    40 |   103 |    61 |       |       ||   204
       Chain mail        |       |       |   224 |    20 |       ||   244
       Plate armour      |       |       |       |   237 |   572 ||   809
Dodge: Dodged            |    59 |   143 |   228 |   108 |   345 ||   883
Block: Shield            |    64 |   175 |   398 |   107 |   969 ||  1713
       Large shield      |       |       |       |   456 |   976 ||  1432
       Reflection        |       |       |       |     7 |    44 ||    51
       Rpst.: Falchion   |    12 |    55 |    96 |    27 |    56 ||   246
       Scimitar          |       |       |       |       |    23 ||    23
